[Event "*** SCC Grand Prix: Titled Tuesday Blitz"]
[Site "Chess.com"]
[Date "2020.09.08"]
[Round "6"]
[White "Love_craft"]
[Black "XiaoKangZhong"]
[Result "1/2-1/2"]
[WhiteElo "2591"]
[BlackElo "2440"]
[TimeControl "180+1"]
[EndTime "11:07:51 PDT"]
[Termination "Game drawn by repetition"]

1. Nf3 Nf6 2. g3 g6 3. Bg2 Bg7 4. O-O O-O 5. d4 d5 6. Nbd2 c5 7. dxc5 Nc6 8. Nb3 e5 9. c3 Ne4 10. Nfd2 Nxd2 11. Bxd2 Be6 12. Qc1 Rc8 13. Bh6 f6 14.
Bxg7 Kxg7 15. Rd1 f5 16. Bxd5 Bxd5 17. c4 Nd4 18. cxd5 Nxe2+ 19. Kg2 Nxc1 20. Raxc1 Qf6 21.
d6 Rfd8 22. Rd5 b6 23. Rcd1 bxc5 24. d7 Rc7 25. Nxc5 Kh6 26. b4 a5 27. a3 axb4 28. axb4 Qb6 29. h4 Ra7 30. Kg1 Ra2 31. Rxe5 Qxb4 32.
Red5 Qb2 33. Rf1 f4 34. Ne6 fxg3 35. Nxd8 gxf2+ 36. Kg2 Qe2 37. Nf7+ Kg7 38. d8=Q Qg4+ 39. Kh2 Qf4+ 40. Kg2 Qg4+ 41. Kh2 Qf4+ 42. Kg2 Qg4+ 1/2-1/2

[Event "*** SCC Grand Prix: Titled Tuesday Blitz"]
[Site "Chess.com"]
[Date "2020.09.08"]
[Round "6"]
[White "anon569"]
[Black "Sn00pPawn"]
[Result "1-0"]
[WhiteElo "2248"]
[BlackElo "2017"]
[TimeControl "180+1"]
[EndTime "11:07:51 PDT"]
[Termination "anon569 won on time"]

1. e4 e5 2. Nf3 Nc6 3. Bb5 Nf6 4. O-O Nxe4 5. d4 Nd6 6. Bxc6 dxc6 7. dxe5 Nf5 8.
Qxd8+ Kxd8 9. Nc3 Be7 10. Ne4 h6 11. Rd1+ Ke8 12. h3 Be6 13. b3 Rd8 14. Bb2 Rxd1+ 15.
Rxd1 Bd5 16. Nfd2 c5 17. c4 Bc6 18. Nc3 Nd4 19. Nd5 Bd8 20. Bxd4 cxd4 21. Nf3 Kd7 22. Nxd4 Re8 23. Nb4 Be4 24. f3 Bg6 25. f4 Be4 26.
Nb5+ Ke7 27. Nxa7 c6 28. Nc8+ Ke6 29. Nd6 Bb6+ 30. Kf1 Rd8 31. Re1 Bh7 32. g4 Ba5 33. a3 c5 34. f5+ Ke7 35. Nd5+ Kf8 36. Rb1 1-0

[Event "*** SCC Grand Prix: Titled Tuesday Blitz"]
[Site "Chess.com"]
[Date "2020.09.08"]
[Round "6"]
[White "platy3"]
[Black "OminousOmen"]
[Result "0-1"]
[WhiteElo "2825"]
[BlackElo "2951"]
[TimeControl "180+1"]
[EndTime "11:07:52 PDT"]
[Termination "OminousOmen won on time"]

1. e4 Nf6 2. e5 Nd5 3. d4 d6 4.
Nf3 Bg4 5. Be2 e6 6. O-O Be7 7. h3 Bh5 8. c4 Nb6 9. exd6 cxd6 10.
Nc3 O-O 11. b3 Nc6 12. Be3 Rc8 13. Rc1 d5 14. c5 Nd7 15. a3 Bxf3 16. Bxf3 Bg5 17. b4 Bxe3 18. fxe3 Qg5 19. Qd2 a6 20. Rb1 Ne7 21. Qd3 Ng6 22. b5 axb5 23. Nxb5 b6 24. Nd6 Rc6 25. Qb5 Qxe3+ 26. Kh1 Nb8 27. Nb7 bxc5 28. dxc5 Qxa3 29. Rfc1 Ne5 30. Be2 Nbd7 31. Ra1 Qe3 32. Bf1 g6 33. Re1 Qf2 34. Re2 Qd4 35.
Rae1 Rb8 36. Rxe5 Nxe5 37. Rxe5 Rc7 38. c6 Qxe5 39. Qb6 Rbc8 40. Na5 Qa1 41. Kg1 Qc1 42. Kf2 Rxc6 0-1

[Event "*** SCC Grand Prix: Titled Tuesday Blitz"]
[Site "Chess.com"]
[Date "2020.09.08"]
[Round "6"]
[White "parnali1611"]
[Black "GameOverBro"]
[Result "0-1"]
[WhiteElo "2173"]
[BlackElo "2467"]
[TimeControl "180+1"]
[EndTime "11:07:52 PDT"]
[Termination "GameOverBro won by checkmate"]

1. d4 d6 2. e4 Nf6 3. Be3 Nxe4 4. Bd3 Nf6 5. c4 g6 6. Nc3 Bg7 7. h4 h5 8. f3 Nc6 9. Nge2 e5 10. d5 Ne7 11.
Qc2 Bf5 12. Bg5 Qd7 13. O-O-O O-O-O 14. Nb5 a6 15. Qa4 Bxd3 16. Rxd3 Qf5 17. Na7+ Kb8 18. Rb3 Kxa7 19. Be3+ Ka8 20. Nc3 Bh6 21. Nb5 Bxe3+ 22.
Rxe3 Kb8 23. Qa5 axb5 24. Ra3 Kc8 25. Qxb5 Nd7 26. Ra7 Nb6 27. a4 Qf4+ 28. Kb1 Qd4 29. a5 Qc5 30. axb6 Qxb5 31. cxb5 Nxd5 32. bxc7 Kxc7 33.
Rc1+ Kb6 34. Ra4 Rc8 35. Rd1 Rc5 36. b4 Nc3+ 37. Ka1 Nxa4 38. bxc5+ Kxc5 39. Rc1+ Kxb5 40. Rc7 Nc5 41. Rxf7 d5 42. Kb1 d4 43. Re7 Kc4 44.
Rxe5 d3 45. Kc1 Ra8 46. Rg5 Ra1+ 47. Kb2 Ra6 48. Kc1 Kd4 49. g4 hxg4 50. Rxg4+ Kc3 51.
h5 Ra1# 0-1

[Event "*** SCC Grand Prix: Titled Tuesday Blitz"]
[Site "Chess.com"]
[Date "2020.09.08"]
[Round "6"]
[White "CzechmVIII"]
[Black "Kazmin_Dmitrij"]
[Result "1-0"]
[WhiteElo "2183"]
[BlackElo "2275"]
[TimeControl "180+1"]
[EndTime "11:07:52 PDT"]
[Termination "CzechmVIII won on time"]

1. e4 e5 2. Nf3 d6 3. d4 exd4 4. Nxd4 Nf6 5. Nc3 Be7 6. g3 O-O 7. Bg2 Re8 8. O-O Bf8 9. Re1 c6 10. a4 Na6 11. h3 Nc5 12. a5 Bd7 13. Bf4 Ne6 14. Nxe6 Bxe6 15. Qd2 Nh5 16. Be3 Qd7 17.
Kh2 a6 18. Bb6 Nf6 19. Rad1 Qe7 20. Ne2 Nd7 21. Bd4 Ne5 22. Nf4 Nc4 23. Qc1 Qc7 24. Nxe6 fxe6 25. b4 c5 26. bxc5 dxc5 27. Be3 Nxe3 28.
Rxe3 Qxa5 29. Qb2 Qc7 30. e5 Rab8 31. Red3 Red8 32. Rxd8 Rxd8 33. Rxd8 Qxd8 34. Qxb7 a5 35. Qe4 Qb6 36. Qc4 h6 37. h4 Be7 38. Bh3 Kf7 39. Bg4 g5 40. Bh5+ Kg7 41. hxg5 Bxg5 42. Bg4 Kf7 43. Bh5+ Kg7 44. Qe4 Kf8 45. Qh7 1-0

[Event "*** SCC Grand Prix: Titled Tuesday Blitz"]
[Site "Chess.com"]
[Date "2020.09.08"]
[Round "6"]
[White "AntonovaNadezhda"]
[Black "VladaSviridova"]
[Result "0-1"]
[WhiteElo "2041"]
[BlackElo "2280"]
[TimeControl "180+1"]
[EndTime "11:07:52 PDT"]
[Termination "VladaSviridova won on time"]

1. d4 d5 2. Nf3 Nf6 3. e3 c5 4. c3 Nc6 5. dxc5 a5 6. Bb5 e6 7. b4 Bd7 8. a4 axb4 9. Bxc6 Bxc6 10. cxb4 b6 11. Bb2 bxc5 12. b5 Bb7 13. O-O Bd6 14.
Nbd2 O-O 15. Qc2 Nd7 16. Qc3 f6 17. a5 Bc8 18. e4 d4 19. Qb3 Qe7 20. Nc4 Bb7 21.
Rfe1 Kh8 22. a6 Bc8 23. h3 h6 24. Na5 Bc7 25. Nc6 Qd6 26. g3 Bxa6 27. Nd2 Bxb5 28. Qxb5 Rab8 29. Nxb8 Rxb8 30. Qd3 Rxb2 31. Nc4 Qc6 32.
Nxb2 Ne5 33. Qd2 Bb6 34. Kg2 c4 35. Qe2 d3 36. Nxd3 Nxd3 37. Qd2 Nxf2 0-1

[Event "*** SCC Grand Prix: Titled Tuesday Blitz"]
[Site "Chess.com"]
[Date "2020.09.08"]
[Round "6"]
[White "SophieNikoladze"]
[Black "Happy1712Drummer"]
[Result "1/2-1/2"]
[WhiteElo "2253"]
[BlackElo "2410"]
[TimeControl "180+1"]
[EndTime "11:07:53 PDT"]
[Termination "Game drawn by repetition"]

1. d4 c6 2. e3 Nf6 3. Nf3 g6 4. b3 Bg7 5. Bb2 d5 6. Bd3 O-O 7. Nbd2 Nbd7 8. Ne5 Nxe5 9. dxe5 Nd7 10. f4 f6 11. Nf3 Nc5 12. exf6 Nxd3+ 13. cxd3 exf6 14.
O-O Re8 15. Qd2 Bg4 16. Nd4 Bd7 17. b4 a5 18. a3 Qb6 19. f5 axb4 20. axb4 Rxa1 21.
Bxa1 Bh6 22. Rf3 c5 23. Ne6 Bxe6 24. bxc5 Qa6 25. Bd4 Bxf5 26. Rxf5 gxf5 27. h3 Qa4 28.
Qf2 Qxd4 29. Qg3+ Qg4 30. hxg4 Bxe3+ 31. Kh2 f4 32. Qf3 Re5 33. d4 Bxd4 34. Qb3 Bxc5 35.
Qxb7 Bf8 36. Qc8 Kg7 37. Qd7+ Be7 38. Kh3 Kg6 39. Qe8+ Kg7 40. Qd7 Kh6 41. Qe8 Kg7 42. Qd7 1/2-1/2

[Event "*** SCC Grand Prix: Titled Tuesday Blitz"]
[Site "Chess.com"]
[Date "2020.09.08"]
[Round "6"]
[White "Nafania1"]
[Black "artichaud"]
[Result "1-0"]
[WhiteElo "2400"]
[BlackElo "2222"]
[TimeControl "180+1"]
[EndTime "11:07:53 PDT"]
[Termination "Nafania1 won on time"]

1. e4 d6 2. d4 Nf6 3. Bd3 e5 4.
c3 d5 5. dxe5 Nxe4 6. Nf3 Nc6 7.
Nbd2 Nxd2 8. Bxd2 Bg4 9. O-O Be7 10. Re1 O-O 11. h3 Bh5 12. Bf4 Qd7 13. Be2 Rfe8 14. Qd2 Rad8 15. Rad1 f6 16. exf6 Bxf6 17. Bg5 Bxg5 18.
Qxg5 Bf7 19. Bd3 h6 20. Qf5 Qxf5 21. Bxf5 Ne7 22. Bc2 c6 23. Ne5 Nc8 24. f4 Nd6 25. g4 Kf8 26. Kf2 Re7 27. Re2 Rde8 28. Rde1 a5 29. a4 Nc4 30. Nxc4 Rxe2+ 31. Rxe2 Rxe2+ 32.
Kxe2 dxc4 33. Ke3 Ke7 34. Bf5 Kd6 35. Kd4 c5+ 36. Ke3 Be8 37. Bc2 b6 38. h4 Bc6 39.
g5 hxg5 40. hxg5 Ke6 41. Kf2 Kd6 42. Ke3 Ke6 43. Kf2 Kd6 44. Kg3 Ke6 45. Kg4 Bd7 46. Kh5 Be8+ 47. Kg4 Kd5 48. Kf5 1-0

[Event "*** SCC Grand Prix: Titled Tuesday Blitz"]
[Site "Chess.com"]
[Date "2020.09.08"]
[Round "6"]
[White "Artyom_ChessMate"]
[Black "mbojan"]
[Result "1-0"]
[WhiteElo "2580"]
[BlackElo "2790"]
[TimeControl "180+1"]
[EndTime "11:07:55 PDT"]
[Termination "Artyom_ChessMate won by checkmate"]

1. e4 c5 2. Nc3 Nc6 3. Bb5 g6 4. Bxc6 bxc6 5. d3 Bg7 6. f4 d6 7. Nf3 Nh6 8. O-O f5 9. Qe2 O-O 10. e5 Rb8 11. b3 Kh8 12. Bb2 Rb4 13. g3 dxe5 14. Nxe5 Qd4+ 15. Kh1 Bxe5 16. fxe5 Be6 17. h3 Nf7 18. Rf4 Qd7 19. Na4 g5 20. Rf3 Qd5 21. c4 Qd8 22. Nxc5 Qc8 23. Raf1 Rb8 24. Nxe6 Qxe6 25. Rxf5 Kg8 26. Qf3 h6 27. d4 Rbd8 28. g4 a6 29. Kg2 a5 30. a4 Qg6 31. d5 cxd5 32. cxd5 e6 33. Rf6 Qc2+ 34. Rf2 Qh7 35.
dxe6 Rd3 36. exf7+ Kg7 37. Qf5 Rxb3 38. Qxh7+ Kxh7 39.
e6 Rfb8 40. f8=Q Rxf8 41. Rxf8 h5 42. e7 h4 43. e8=Q Rg3+ 44. Kh2 Rxh3+ 45. Kxh3 Kh6 46. Qh5# 1-0

[Event "*** SCC Grand Prix: Titled Tuesday Blitz"]
[Site "Chess.com"]
[Date "2020.09.08"]
[Round "6"]
[White "wannabe2700"]
[Black "shnitez"]
[Result "1-0"]
[WhiteElo "2641"]
[BlackElo "2524"]
[TimeControl "180+1"]
[EndTime "11:07:55 PDT"]
[Termination "wannabe2700 won by checkmate"]

1. e4 c5 2. d4 cxd4 3. Nf3 e6 4.
Nxd4 a6 5. Bd3 Bc5 6. Nb3 Be7 7.
Qg4 g6 8. O-O d6 9. f4 Nc6 10.
f5 Nf6 11. Qe2 gxf5 12. exf5 e5 13. c4 Nb4 14. Nc3 Nxd3 15. Qxd3 Bd7 16. Bg5 Bc6 17. Rad1 Rg8 18. Qd2 h6 19. Bxf6 Bxg2 20. Bxe7 Bxf1+ 21. Kxf1 Qxe7 22. Qxd6 Rd8 23. Qxe7+ Kxe7 24. Nd5+ Kf8 25. Nc5 Rg5 26. f6 b5 27. b3 bxc4 28. bxc4 Rg4 29. Rc1 Rc8 30. Nxa6 Rcxc4 31. Rb1 Kg8 32. Nac7 Rgd4 33.
Ne7+ Kh7 34. Ncd5 Rc2 35. Kg1 Rdd2 36. Ne3 Rxa2 37. Kh1 Re2 38. N7f5 Rxh2+ 39. Kg1 Rhf2 40. Rb5 Rfb2 41. Rxe5 Rb1+ 42. Nf1 Raa1 43. Ne3 Kg6 44. Rf5 Re1 45. Rf3 Rec1 46. Kg2 h5 47. Kh3 Rcb1 48. Ng3 Rb4 49. Nd5 Rba4 50. Ne7+ Kh6 51. Ngf5+ Kg5 52. Ng3 Kh6 53. Rf5 R4a3 54. Rxh5# 1-0

[Event "*** SCC Grand Prix: Titled Tuesday Blitz"]
[Site "Chess.com"]
[Date "2020.09.08"]
[Round "6"]
[White "Bacyanide"]
[Black "Legendinunknown"]
[Result "0-1"]
[WhiteElo "2406"]
[BlackElo "2618"]
[TimeControl "180+1"]
[EndTime "11:07:55 PDT"]
[Termination "Legendinunknown won on time"]

1. d4 d5 2. c4 c6 3. Nf3 Nf6 4. Nc3 e6 5. g3 Bd6 6. Bg2 Nbd7 7. O-O O-O 8. Qd3 b6 9. e4 dxe4 10. Nxe4 Nxe4 11. Qxe4 Bb7 12. Ne5 Nxe5 13. dxe5 Be7 14. Be3 Qc7 15. c5 bxc5 16. Rfc1 Rad8 17. Bxc5 Bxc5 18.
Rxc5 Rd5 19. Qe3 Rd7 20. Rac1 Rfd8 21. Bf3 Rd3 22. Qe2 Rd2 23. Qe3 h6 24. R5c2 R2d4 25. h4 Qb6 26. b3 Qa5 27. h5 a6 28. Qe1 Qa3 29. Qc3 Rd3 30. Qc5 Qxc5 31. Rxc5 Rxf3 32. R1c2 Rfd3 33. R5c4 Rd1+ 34. Kh2 R1d2 35. Rxd2 Rxd2 36. Rb4 Rd7 37. Rb6 Kf8 38. b4 Ke8 39. a4 Kd8 40. b5 cxb5 41. axb5 Kc7 42. bxa6 Kxb6 0-1

[Event "*** SCC Grand Prix: Titled Tuesday Blitz"]
[Site "Chess.com"]
[Date "2020.09.08"]
[Round "6"]
[White "tteshan"]
[Black "annacramling"]
[Result "1-0"]
[WhiteElo "2408"]
[BlackElo "2142"]
[TimeControl "180+1"]
[EndTime "11:07:55 PDT"]
[Termination "tteshan won on time"]

1. e4 c5 2. Nf3 e6 3. d4 cxd4 4. Nxd4 Nf6 5. f3 Nc6 6. Be3 d5 7. Nxc6 bxc6 8. exd5 cxd5 9. Be2 Bd6 10. O-O O-O 11.
c4 dxc4 12. Bxc4 Bxh2+ 13. Kxh2 Qc7+ 14. Kh1 Qxc4 15. Nc3 Ba6 16. Re1 Qh4+ 17. Kg1 Rfd8 18. Qc1 h6 19. Qc2 Rac8 20. Bxa7 Nd5 21. Re4 Qe7 22.
Bf2 Nxc3 23. bxc3 Bd3 24. Qa4 Bxe4 25. Qxe4 Rxc3 26. Qg4 Rcd3 27. f4 Qf6 28. Re1 Qf5 29.
Qe2 Rd2 30. Qf3 Rxa2 31. Re5 Ra1+ 32. Kh2 Qb1 33. Kg3 Rd3 34. Be3 Qe1+ 35. Kg4 f5+ 36. Kh5 Qh1+ 37. Kg6 Ra2 38. Bf2 Qh2 39. Rc5 1-0

[Event "*** SCC Grand Prix: Titled Tuesday Blitz"]
[Site "Chess.com"]
[Date "2020.09.08"]
[Round "6"]
[White "joshuaguo"]
[Black "pitterson"]
[Result "1-0"]
[WhiteElo "2218"]
[BlackElo "2259"]
[TimeControl "180+1"]
[EndTime "11:07:55 PDT"]
[Termination "joshuaguo won on time"]

1. e4 c6 2. d4 d5 3. e5 c5 4. Nf3 Nc6 5. c4 Bg4 6. cxd5 Nxd4 7. Nxd4 Bxd1 8. Bb5+ Qd7 9. Bxd7+ Kxd7 10. e6+ Kc8 11.
exf7 Nf6 12. Ne2 Bxe2 13. Kxe2 Nxd5 14. Nc3 e6 15. Re1 Nxc3+ 16. bxc3 Be7 17. Kf1 Rf8 18. Rxe6 Rxf7 19. Be3 Kd7 20. Re4 Rd8 21. Rd1+ Kc8 22. Rxd8+ Kxd8 23. Ke2 Kd7 24. Kd3 b6 25. a4 Bf6 26.
Kc4 Re7 27. Rxe7+ Kxe7 28. a5 Kd7 29. axb6 axb6 30. Kb5 Kc7 31. c4 Kb7 32. f3 Be5 33.
h3 Bc3 34. g4 g6 35. f4 Bf6 36. f5 gxf5 37. gxf5 Bc3 38. Bf4 Bf6 39. Bg3 Bd4 40. Bh4 Bg7 41. Bd8 Bf8 42. Bxb6 Bd6 43. Bxc5 Bxc5 44.
Kxc5 Kc7 45. Kd5 Kd7 46. c5 1-0

[Event "*** SCC Grand Prix: Titled Tuesday Blitz"]
[Site "Chess.com"]
[Date "2020.09.08"]
[Round "6"]
[White "GasconJR"]
[Black "Zavgorodniy_Serg"]
[Result "1-0"]
[WhiteElo "2587"]
[BlackElo "2794"]
[TimeControl "180+1"]
[EndTime "11:07:56 PDT"]
[Termination "GasconJR won on time"]

1. d4 Nf6 2. Bf4 e6 3. e3 b6 4. Qf3 Nc6 5. Nc3 Bb7 6. O-O-O d6 7. e4 Be7 8. d5 exd5 9. exd5 Nb8 10. Bb5+ Nbd7 11. Nge2 O-O 12. Nd4 Ne5 13. Bxe5 dxe5 14.
Nc6 Qd6 15. Rhe1 a6 16. Ba4 b5 17. Bb3 Rfe8 18. Ne4 Nxe4 19. Qxe4 Bf6 20. f4 Bxc6 21.
dxc6 Qc5 22. Rd7 Kh8 23. Bxf7 Re7 24. Rxe7 Qxe7 25. Bb3 Re8 26. f5 Rd8 27. Kb1 h6 28. a3 Rd4 29. Qe2 Qd6 30. Qh5 Qe7 31. c3 Rd6 32. Rd1 Rxd1+ 33. Qxd1 e4 34. Qd5 Qe8 35. Qe6 Qxe6 36. Bxe6 1-0

[Event "*** SCC Grand Prix: Titled Tuesday Blitz"]
[Site "Chess.com"]
[Date "2020.09.08"]
[Round "6"]
[White "K_A_S_T_O_R"]
[Black "blitis"]
[Result "1-0"]
[WhiteElo "2752"]
[BlackElo "2507"]
[TimeControl "180+1"]
[EndTime "11:07:56 PDT"]
[Termination "K_A_S_T_O_R won on time"]

1. e4 c5 2. Nf3 a6 3. c4 d6 4.
d4 cxd4 5. Nxd4 Nf6 6. Nc3 e6 7. Be2 b6 8. O-O Bb7 9. f3 Be7 10. Be3 O-O 11. Rc1 Qc7 12. Kh1 Nbd7 13. Qd2 Rac8 14. Rfd1 Qb8 15. Bf1 Bd8 16. Nc2 Bc7 17. Bf4 Ne5 18. Na3 Rfd8 19. Bg5 Ned7 20. h3 h6 21. Be3 Ne5 22. Qf2 Bc6 23. Rd2 Qb7 24. Rcd1 d5 25. cxd5 exd5 26. exd5 Nxd5 27. Nxd5 Rxd5 28.
Rxd5 Bxd5 29. Bxa6 Qxa6 30. Rxd5 Re8 31. Rd1 b5 32.
Bc5 Qa4 33. Qd4 Qa8 34. Qd5 Qb8 35. Re1 b4 36. Nc2 Qb5 37. Nd4 Qd3 38. Qe4 Qc4 39. Nb3 Qa6 40. f4 Qxa2 41. Qc2 Rc8 42. fxe5 Bb6 43.
Rc1 Qa4 44. Qd3 1-0

[Event "*** SCC Grand Prix: Titled Tuesday Blitz"]
[Site "Chess.com"]
[Date "2020.09.08"]
[Round "6"]
[White "IvanSoriano1"]
[Black "Larina_Marija"]
[Result "1-0"]
[WhiteElo "2469"]
[BlackElo "2104"]
[TimeControl "180+1"]
[EndTime "11:07:56 PDT"]
[Termination "IvanSoriano1 won by checkmate"]

1. Nf3 f5 2. g3 Nf6 3. Bg2 g6 4. O-O Bg7 5. d3 O-O 6. e4 d6 7. Qe2 e5 8. Nc3 c6 9. Bg5 h6 10. Bxf6 Qxf6 11. Rad1 f4 12. d4 Bg4 13. dxe5 dxe5 14.
Qc4+ Kh7 15. Qc5 Na6 16. Qc4 Rad8 17. a3 Rxd1 18. Nxd1 Rd8 19. Nc3 fxg3 20. fxg3 Qd6 21. Rd1 Qe7 22. Rxd8 Qxd8 23. h3 Bd7 24. Nh4 Qf6 25. Qf1 Qxf1+ 26. Bxf1 Nc5 27. Nf3 Bf6 28. Kg2 g5 29. b4 Ne6 30. Bc4 Nd4 31. Nxd4 exd4 32.
Ne2 Be8 33. g4 Bg6 34. Kf3 Be5 35. Be6 Kg7 36. Bf5 Kf6 37. Nc1 Bxf5 38. exf5 b6 39. Nd3 c5 40. bxc5 bxc5 41. Nxc5 Bd6 42. Ne4+ Ke5 43.
Nxd6 Kxd6 44. Ke4 Kc5 45. f6 Kc4 46. f7 Kc3 47. f8=Q Kxc2 48. Qc5+ Kb3 49. Qxd4 a5 50. a4 Ka3 51. Kd5 Ka2 52. Kc5 h5 53. Qd3 hxg4 54. hxg4 Kb2 55. Kc4 Ka2 56. Qc2+ Ka3 57. Qb3# 1-0

[Event "*** SCC Grand Prix: Titled Tuesday Blitz"]
[Site "Chess.com"]
[Date "2020.09.08"]
[Round "6"]
[White "Xeslu"]
[Black "aliba25"]
[Result "0-1"]
[WhiteElo "2325"]
[BlackElo "2566"]
[TimeControl "180+1"]
[EndTime "11:07:57 PDT"]
[Termination "aliba25 won on time"]

1. e4 e6 2. d3 d5 3. Nd2 Nf6 4. Ngf3 Bc5 5. e5 Nfd7 6. g3 Nc6 7. Qe2 O-O 8. Bg2 f6 9. exf6 Qxf6 10. O-O e5 11.
Nb3 Bd6 12. Bg5 Qf7 13. c3 h6 14. Be3 Nf6 15. Bc5 Bg4 16. h3 Be6 17. Bxd6 cxd6 18.
Nfd2 Nd7 19. f4 Qg6 20. Kh2 Rae8 21. fxe5 dxe5 22. Rxf8+ Rxf8 23. Rf1 Re8 24. Qf3 b6 25. c4 e4 26. dxe4 dxc4 27. Nc1 Nde5 28. Qc3 Rd8 29. Ne2 Rd3 30. Qc1 b5 31. Nf3 Nxf3+ 32. Rxf3 Ne5 33. Rxd3 Nxd3 34. Qd2 Qf6 35. Nf4 Nc5 36. Nxe6 Nxe6 37.
Qb4 Qe5 38. Qa5 Qxb2 39. Qxa7 Qe5 40. Qb6 c3 41. Qc6 Kh7 42. a4 b4 43. a5 b3 44.
a6 b2 45. a7 b1=Q 46. a8=Q Qe1 0-1

[Event "*** SCC Grand Prix: Titled Tuesday Blitz"]
[Site "Chess.com"]
[Date "2020.09.08"]
[Round "6"]
[White "gmpeter008"]
[Black "Ranindu2003"]
[Result "1-0"]
[WhiteElo "2364"]
[BlackElo "2536"]
[TimeControl "180+1"]
[EndTime "11:07:57 PDT"]
[Termination "gmpeter008 won on time"]

1. e4 e5 2. Nf3 Nc6 3. Bb5 a6 4. Ba4 Nf6 5. O-O b5 6. Bb3 Bc5 7. d3 d6 8. Nc3 h6 9. Be3 O-O 10. Nd5 Rb8 11. a4 Bg4 12. h3 Be6 13. axb5 axb5 14.
Ra6 Nd4 15. Bxd4 exd4 16. Nf4 Bxb3 17. cxb3 Ra8 18. Qa1 Qc8 19. Rxa8 Qxa8 20. Qc1 Qa7 21.
Nh4 Qa2 22. b4 Bxb4 23. Nf5 Bc5 24. b4 Bb6 25. Qc6 Qa4 26. Rb1 Ra8 27. g4 Qa2 28.
Re1 Ra3 29. Qb7 Qd2 30. Qc8+ Kh7 31. Qf8 Ne8 32. Ne7 Nf6 33. Nh5 Qxe1+ 34. Kg2 Ra8 35. Qxa8 1-0

[Event "*** SCC Grand Prix: Titled Tuesday Blitz"]
[Site "Chess.com"]
[Date "2020.09.08"]
[Round "6"]
[White "lider34"]
[Black "zaur-mammadov"]
[Result "1/2-1/2"]
[WhiteElo "2412"]
[BlackElo "2633"]
[TimeControl "180+1"]
[EndTime "11:07:58 PDT"]
[Termination "Game drawn - insufficient material"]

1. e4 e6 2. d4 d5 3. exd5 exd5 4. Nf3 Nc6 5. Bd3 Bd6 6. O-O Bg4 7. c3 Nge7 8. Re1 Qd7 9. b4 O-O 10. Nbd2 Bf5 11.
Nf1 Rae8 12. Ng3 Bxd3 13. Qxd3 Bxg3 14. hxg3 Nf5 15. Bf4 f6 16. Rxe8 Rxe8 17. Re1 Rxe1+ 18. Nxe1 Nce7 19. g4 Nh4 20. f3 Nhg6 21. Bg3 Nc8 22. Qf5 Qxf5 23. gxf5 Nge7 24. Bxc7 Nxf5 25. Kf2 Kf7 26. Nd3 g5 27. a4 Ke6 28. Nc5+ Ke7 29. Nxb7 h5 30. Nc5 h4 31. b5 Nfd6 32. Bxd6+ Nxd6 33. Nd3 Nc4 34. Nb4 Kd6 35. Nc6 a6 36. Nb4 axb5 37. axb5 f5 38. Nc2 f4 39. Nb4 Ne3 40.
b6 Nd1+ 41. Ke1 Nxc3 42. b7 Kc7 43. Kd2 Nb5 44. Nxd5+ Kxb7 45. Kd3 Kc6 46. Nf6 Nd6 47. Nh7 Nf5 48. Nxg5 Ne3 49. Ke4 Nxg2 50. Nh3 Kd6 51. Nf2 Ke6 52. Nh3 Kf6 53. Nf2 Ke6 54. Nh3 Kd6 55. Nf2 Ne1 56. Kxf4 Kd5 57. Kg4 Kxd4 58. Kxh4 Nxf3+ 1/2-1/2

[Event "*** SCC Grand Prix: Titled Tuesday Blitz"]
[Site "Chess.com"]
[Date "2020.09.08"]
[Round "6"]
[White "Koksik_13"]
[Black "rpragchess"]
[Result "1-0"]
[WhiteElo "2665"]
[BlackElo "2827"]
[TimeControl "180+1"]
[EndTime "11:07:59 PDT"]
[Termination "Koksik_13 won by checkmate"]

1. d4 Nf6 2. Nc3 d5 3. Bf4 e6 4. e3 Bb4 5. Bd3 O-O 6. Nf3 c5 7. dxc5 Bxc5 8. O-O Nc6 9. Qe2 Bd6 10. Bxd6 Qxd6 11.
e4 dxe4 12. Nxe4 Nxe4 13. Qxe4 f5 14. Qh4 e5 15. Rad1 Qg6 16. Bb5 e4 17. Ng5 Ne5 18. Rd6 Rf6 19. Be8 Qxe8 20. Qxh7+ Kf8 21. Qh8+ Ke7 22.
Qxg7+ Kxd6 23. Qxf6+ Kc7 24. Rd1 Bd7 25. Qd6+ Kc8 26.
Nh7 Qh5 27. Nf6 Nf3+ 28. gxf3 Qg6+ 29. Kh1 a6 30. Qxd7+ Kb8 31. Qd6+ Ka7 32. Qd4+ Kb8 33. Nd7+ Kc7 34. Qe5+ Kc6 35. Qc5# 1-0

[Event "*** SCC Grand Prix: Titled Tuesday Blitz"]
[Site "Chess.com"]
[Date "2020.09.08"]
[Round "6"]
[White "bocah_sakit"]
[Black "dopolian"]
[Result "1-0"]
[WhiteElo "2666"]
[BlackElo "2479"]
[TimeControl "180+1"]
[EndTime "11:08:00 PDT"]
[Termination "bocah_sakit won by resignation"]

1. e4 e5 2. Nf3 Nc6 3. Bb5 a6 4. Bxc6 dxc6 5. O-O f6 6. d4 exd4 7. Nxd4 c5 8. Ne2 Qxd1 9. Rxd1 Bg4 10. f3 Bd7 11.
Nbc3 O-O-O 12. Be3 b6 13. Rd2 Ne7 14. Rad1 Nc6 15.
Nd5 Be6 16. c4 Be7 17. Bf4 Bxd5 18. exd5 Nd4 19. Nxd4 cxd4 20. Kf1 Bc5 21. Bg3 Rhe8 22. Bf2 Re5 23. Bxd4 Bxd4 24. Rxd4 Rde8 25. R4d2 Kd7 26. b4 Re3 27. Rc2 h5 28. Kf2 h4 29. c5 h3 30. g4 bxc5 31. bxc5 Ra3 32. Kg3 Ree3 33. Kxh3 Rxf3+ 34. Kg2 Rf4 35. h3 Rff3 36. d6 Rg3+ 37. Kf2 Raf3+ 38. Ke2 Re3+ 39. Kf2 Ref3+ 40. Ke2 Re3+ 41.
Kf1 Rxh3 42. c6+ Kd8 43. dxc7+ Kxc7 44. Rd7+ Kc8 45. Rxg7 Rh1+ 46. Kg2 Rhe1 47. Kf2 Re6 48. c7 Re7 49. Rg8+ Re8 50. Rxe8+ Rxe8 51. Kf3 Re6 52. Kf4 Re1 53. Rc6 Rf1+ 54. Ke4 a5 55. a4 Ra1 56. Rc4 Rf1 57. Kd5 Rg1 58. Ke6 Rxg4 59.
Rxg4 Kxc7 60. Kxf6 1-0

[Event "*** SCC Grand Prix: Titled Tuesday Blitz"]
[Site "Chess.com"]
[Date "2020.09.08"]
[Round "6"]
[White "evgenyermolaev"]
[Black "BurningggIce"]
[Result "1-0"]
[WhiteElo "2444"]
[BlackElo "2322"]
[TimeControl "180+1"]
[EndTime "11:08:01 PDT"]
[Termination "evgenyermolaev won by resignation"]

1. d4 Nf6 2. Nc3 e6 3. e4 Bb4 4. e5 Ne4 5. Qg4 Nxc3 6. Qxg7 Rf8 7. a3 Be7 8. bxc3 d6 9. Qxh7 dxe5 10. dxe5 Qd5 11. Nf3 Nc6 12. c4 Qc5 13. Be3 Qa5+ 14.
Bd2 Qc5 15. Bc3 Bd7 16. Qe4 O-O-O 17. h4 f5 18. exf6 Bxf6 19. Bxf6 Rxf6 20. Bd3 Qa5+ 21. Kf1 Be8 22. h5 Bxh5 23. Qh4 Qc3 24. Re1 Bxf3 25. gxf3 Rxf3 26. Qg4 Nd4 27. Rxe6 Nxe6 28. Qxf3 Qa1+ 29. Ke2 Nd4+ 30. Ke3 Re8+ 31. Kf4 Qxa3 32. Bf5+ Nxf5 33. Qxa3 Nd6 34. Qh3+ Kb8 35. f3 Nxc4 36. Kg3 Nd6 37. Qh5 b6 38. Qxe8+ Nxe8 39. Rh8 Kb7 40.
Rxe8 a5 41. Re1 Kc6 42. f4 Kd5 43. f5 Kc4 44. f6 Kc3 45. f7 Kd2 46. f8=Q Kxe1 47.
Qe7+ Kd2 48. Qxc7 Kc1 49. Qxb6 a4 50. Qa5 Kxc2 51. Qxa4+ 1-0

[Event "*** SCC Grand Prix: Titled Tuesday Blitz"]
[Site "Chess.com"]
[Date "2020.09.08"]
[Round "6"]
[White "Kaua18"]
[Black "DrMamaliga"]
[Result "0-1"]
[WhiteElo "2310"]
[BlackElo "2206"]
[TimeControl "180+1"]
[EndTime "11:08:01 PDT"]
[Termination "DrMamaliga won on time"]

1. e4 e5 2. Nf3 Nc6 3. d4 exd4 4. Nxd4 Nf6 5. Nxc6 bxc6 6. e5 Qe7 7. Qe2 Nd5 8.
c4 Nb6 9. b3 a5 10. h4 a4 11.
Bg5 Qe6 12. Nd2 axb3 13. Nxb3 Ba6 14. Rc1 h6 15. Bd2 Ba3 16. Rc3 O-O 17. Rhh3 Rfe8 18. Rhe3 Qg6 19. Nc1 Bb4 20. Rg3 Qb1 21. Qg4 g6 22. Bd3 Rxe5+ 23. Kd1 Qa1 24. Bxg6 Bxc3 25. Bxf7+ Kxf7 26. Rf3+ Ke7 27. Bxc3 Re1+ 28. Bxe1 Bxc4 29. Re3+ Be6 30. Qb4+ Ke8 31. Bc3 Ra4 32. Qxa4 Qxc1+ 33. Kxc1 Nxa4 34. Bg7 h5 35. f4 Kf7 36. Be5 d6 37.
Bd4 Bxa2 38. Ra3 c5 39. Rxa2 Nb6 40. Be3 Nc4 41. Bd2 Kf6 42. Ra7 c6 43. Rh7 Kg6 44.
Rd7 d5 45. Bc3 Kf5 46. Rf7+ Kg4 47. Kc2 Ne3+ 48. Kd3 Nf5 49. Ke2 c4 50. Rxf5 Kxf5 51. Be5 c5 52. Kd2 d4 53. Kc2 Ke4 54. Kd2 c3+ 55. Kc2 c4 56. g3 Ke3 57. Bd6 Ke2 58. Kc1 d3 0-1